 Dungeon Crawl Stone Soup version v3.33-hellcrawl (webtiles) character file.

23165 Implojin the Archer (level 14, -7/120 HPs)
             Began as a Mummy Hunter on May 11, 2017.
             Was a High Priest of Okawaru.
             Shot with a bolt by a yaktaur captain (32 damage)
             ... on level 15 of the Dungeon.
             The game lasted 00:50:56 (19369 turns).

Implojin the Archer (Mummy Hunter)                 Turns: 19369, Time: 00:50:56

Health: -7/120     AC: 17 (24%)Str: 17  XL:     14   Next: 73%
Magic:  0/18       EV: 21    Int: 10    God:    Okawaru [*****.]
Gold:   1002       SH:  0    Dex: 16    Spells: 3/13 levels left

rFire    x . .     SeeInvis .   Y - +3 longbow (flame)
rCold    + . .     Faith    .   (shield currently unavailable)
rNeg     + + +     Spirit   +   I - +0 ring mail "Tuguanuu" {MR+ Slay+5}
rPois    ∞         Reflect  .   O - +2 helmet
rElec    .                      C - +0 cloak
rCorr    .                      R - +0 pair of gloves
MR       +++..                  (no boots)
Stlth    +++.......             Q - amulet of guardian spirit
Regen    0.3/turn               S - +3 ring of protection
MPRegen  0.3/turn               w - ring of protection from magic

@: heroism
A: no food or potions, fire vulnerability, cold resistance 1, negative energy
resistance 3, torment resistance, unbreathing, in touch with death 1
a: Heroism, Finesse, Renounce Religion


You were on level 15 of the Dungeon.
You worshipped Okawaru.
Okawaru was extremely pleased with you.
You were not hungry.

You visited 1 branch of the dungeon, and saw 15 of its levels.

You collected 1002 gold pieces.

Inventory:

Hand Weapons
 b - a +2 quarterstaff of protection
   (You took it off Edmund on level 4 of the Dungeon)
 e - a +1 triple sword of electrocution
   (You took it off Rupert on level 15 of the Dungeon)
 f - a +1 antimagic dagger
   (You took it off a hobgoblin on level 1 of the Dungeon)
 p - a +2 demon whip of venom
   (You took it off Agnes on level 15 of the Dungeon)
 v - a +0 war axe
 x - a +0 arbalest
 z - the +3 spear of the Unspeakable One {distort, Dex+4}
   (You found it on level 12 of the Dungeon)

   It warps and distorts space around it.
   Unwielding it can cause banishment or high damage.
   It affects your dexterity (+4).
 H - a +2 antimagic spear
   (You took it off a gnoll on level 6 of the Dungeon)
 K - a +2 quarterstaff of draining
   (You took it off Joseph on level 7 of the Dungeon)
 M - a +2 halberd of venom
   (You took it off a wight on level 7 of the Dungeon)
 U - a +1 double sword
 Y - a +3 longbow of flaming (weapon)
   (You found it on level 10 of the Dungeon)
Missiles
 d - 1991 arrows (quivered)
 j - 344 bolts
 k - 221 poisoned darts
 q - 181 tomahawks
 y - 66 javelins
 T - 10 frenzy darts
Armour
 a - a +3 leather armour of fire resistance
   (You took it off Rupert on level 15 of the Dungeon)
 n - the +3 ring mail of Ziowuiz {+Fly rPois Str+4 Int+2}
   (You found it on level 12 of the Dungeon)

   It affects your strength (+4).
   It affects your intelligence (+2).
   It protects you from poison.
   It lets you fly.
 B - a +0 plate armour
 C - a +0 cloak (worn)
 I - the +0 ring mail "Tuguanuu" (worn) {MR+ Slay+5}
   (You found it on level 7 of the Dungeon)

   It affects your accuracy and damage with ranged weapons and melee attacks
   (+5).
   It affects your resistance to hostile enchantments.
 J - a +0 large shield
 O - a +2 helmet (worn)
 P - a +0 troll leather armour
 R - a +0 pair of gloves (worn)
 W - a +0 shield
Magical Staves
 N - an uncursed staff of summoning
Jewellery
 h - an uncursed ring of ice
   (You found it on level 14 of the Dungeon)
 r - a +3 ring of intelligence
   (You found it on level 3 of the Dungeon)
 w - a ring of protection from magic (right hand)
   (You found it on level 12 of the Dungeon)
 Q - an amulet of guardian spirit (around neck)
   (You found it on level 7 of the Dungeon)
 S - a +3 ring of protection (left hand)
   (You found it on level 8 of the Dungeon)
Wands
 l - a wand of clouds (1)
 m - a wand of confusion (5)
 u - a wand of iceblast (14)
 A - a wand of polymorph (7)
 F - a wand of slowing (19)
Scrolls
 c - a scroll of summoning
 g - 7 scrolls of enchant armour
 i - 2 scrolls of immolation
 o - 2 scrolls of fog
 t - 5 scrolls of amnesia
 E - a scroll of blinking
 G - a scroll of magic mapping
 V - 2 scrolls of fear
 X - 2 scrolls of teleportation
 Z - a scroll of silence
Miscellaneous
 s - a phantom mirror
 L - a fan of gales


   Skills:
 - Level 14.0(19.0) Fighting
 - Level 14.0(19.0) Bows
 - Level 6.0(11.0) Armour
 - Level 10.0(15.0) Dodging
 - Level 0.7(5.7) Stealth
 * Level 5.8 Invocations


You had 3 spell levels left.
You knew the following spells:

 Your Spells              Type           Power        Failure   Level  Hunger
a - Blink                 Tloc           N/A          67%         2    N/A
b - Invisibility          Hex            0 (100)      100%        6    N/A
c - Apportation           Tloc           0 (1000)     52%         1    N/A
d - Summon Butterflies    Summ           0 (100)      52%         1    N/A

Dungeon Overview and Level Annotations

Branches:
Dungeon (15/15)               Orc (0/2) D:15
 Vaults: D:15

Altars:
Cheibriados
Dithmenos
Elyvilon
Gozag
Hepliaklqana
Kikubaaqudgha
Makhleb
Nemelex Xobeh
Okawaru
Qazlal
Ru
Sif Muna
Trog
Uskayaw
Vehumet
Xom
Yredelemnul
Zin
The Shining One

Shops:
D:11 (   D:14 !


Innate Abilities, Weirdness & Mutations

You do not eat or drink.
Your flesh is vulnerable to fire.
You are immune to poison.
Your flesh is cold resistant. (rC+)
You are immune to negative energy. (rN+++)
You are immune to unholy pain and torment.
You can survive without breathing.
You are in touch with the powers of death.


Message History

The yaktaur shoots a bolt.
The bolt hits you (9)!
Firing (i - inventory. (,) - cycle):
d - 1886 arrows (quivered)
Press: ? - help, Shift-Dir - straight line, f/p - yaktaur
Aim: a yaktaur, wielding a +0 arbalest (heavily wounded)
You shoot an arrow.
The arrow hits the yaktaur but does no damage.
The yaktaur is heavily wounded.
Firing (i - inventory. (,) - cycle):
d - 1885 arrows (quivered)
Press: ? - help, Shift-Dir - straight line, f/p - yaktaur
Aim: a yaktaur, wielding a +0 arbalest (heavily wounded)
You shoot an arrow. The arrow hits the yaktaur (17)!
The arrow burns the yaktaur (8)!
You kill the yaktaur!
Okawaru accepts your kill.
d - 2001 arrows (gained 117)
Things that are here:
a +1 long sword; a +0 buckler of protection; a tengu corpse
Things that are here:
a +0 double sword; a +0 shield A yaktaur comes into view.
The yaktaur shouts!
Firing (i - inventory. (,) - cycle):
d - 2001 arrows (quivered)
Press: ? - help, Shift-Dir - straight line, f - yaktaur
Aim: a yaktaur You shoot an arrow.
The arrow barely misses the yaktaur (0).
The yaktaur wields a +0 arbalest.
The yaktaur shoots a bolt.
The bolt closely misses you (0).
Firing (i - inventory. (,) - cycle):
d - 2000 arrows (quivered)
Press: ? - help, Shift-Dir - straight line, f/p - yaktaur
Aim: a yaktaur, wielding a +0 arbalest You shoot an arrow.
The arrow hits the yaktaur (26)!!
The arrow burns the yaktaur (8)!
The yaktaur is severely wounded.
The yaktaur shoots a bolt.
The bolt hits you (14)!
Firing (i - inventory. (,) - cycle):
d - 1999 arrows (quivered)
Press: ? - help, Shift-Dir - straight line, f/p - yaktaur
Aim: a yaktaur, wielding a +0 arbalest (severely wounded)
You shoot an arrow. The arrow hits the yaktaur (6).
The arrow burns the yaktaur (1).
The yaktaur is almost dead.
Firing (i - inventory. (,) - cycle):
d - 1998 arrows (quivered)
Press: ? - help, Shift-Dir - straight line, f/p - yaktaur
Aim: a yaktaur, wielding a +0 arbalest (almost dead)
You shoot an arrow. The arrow hits the yaktaur (14)!
The arrow burns the yaktaur (3).
You kill the yaktaur!
Okawaru accepts your kill.
A yaktaur captain comes into view.
The yaktaur captain shouts!
Drop what? 52/52 slots (_ for help) (? for menu, Esc to quit)
You drop a +0 buckler.
The yaktaur captain wields a +0 arbalest.
The yaktaur captain shoots a bolt.
The bolt hits you (35)!!
* * * LOW HITPOINT WARNING * * *
You are too injured to fight recklessly!
You are too injured to fight recklessly!
You gain the combat prowess of a mighty hero.
The yaktaur captain shoots a bolt.
The bolt hits you (33)!!
* * * LOW HITPOINT WARNING * * *
Unknown command.
Firing (i - inventory. (,) - cycle):
d - 1997 arrows (quivered)
Press: ? - help, Shift-Dir - straight line, f - yaktaur captain
Aim: a yaktaur captain, wielding a +0 arbalest You shoot an arrow.
The arrow hits the yaktaur captain (21)!!
The arrow burns the yaktaur captain (4).
The yaktaur captain is moderately wounded.
Firing (i - inventory. (,) - cycle):
d - 1996 arrows (quivered)
Press: ? - help, Shift-Dir - straight line, f/p - yaktaur captain
Aim: a yaktaur captain, wielding a +0 arbalest (moderately wounded)
You shoot an arrow.
The arrow barely misses the yaktaur captain (0).
The yaktaur captain shoots a bolt.
The bolt misses you (0).
Firing (i - inventory. (,) - cycle):
d - 1995 arrows (quivered)
Press: ? - help, Shift-Dir - straight line, f/p - yaktaur captain
Aim: a yaktaur captain, wielding a +0 arbalest (moderately wounded)
You shoot an arrow. The arrow hits the yaktaur captain (6).
The arrow burns the yaktaur captain (2).
The yaktaur captain is heavily wounded.
Firing (i - inventory. (,) - cycle):
d - 1994 arrows (quivered)
Press: ? - help, Shift-Dir - straight line, f/p - yaktaur captain
Aim: a yaktaur captain, wielding a +0 arbalest (heavily wounded)
You shoot an arrow.
The arrow barely misses the yaktaur captain (0).
The yaktaur captain shoots a bolt.
The bolt hits you (2).
* * * LOW HITPOINT WARNING * * *
Firing (i - inventory. (,) - cycle):
d - 1993 arrows (quivered)
Press: ? - help, Shift-Dir - straight line, f/p - yaktaur captain
Aim: a yaktaur captain, wielding a +0 arbalest (heavily wounded)
You shoot an arrow. The arrow hits the yaktaur captain (2).
The arrow burns the yaktaur captain (1).
The yaktaur captain is heavily wounded.
Firing (i - inventory. (,) - cycle):
d - 1992 arrows (quivered)
Press: ? - help, Shift-Dir - straight line, f/p - yaktaur captain
Aim: a yaktaur captain, wielding a +0 arbalest (heavily wounded)
You shoot an arrow.
The arrow barely misses the yaktaur captain (0).
The yaktaur captain shoots a bolt.
The bolt hits you (39)!!!
You die...

##.########
#..........
#..........
#..........
#.......)..
#....$...c#
#......)...
###)........#
#..).@.......
#.##.####.#.#
#)##.# # ####
#.####
#####.#.####.#.#
..#.#..#..#.#).#
#.#...##....#.##
.†....###.#...#
##..##.##.#.#.#


You could see a yaktaur captain.

Vanquished Creatures
  Rupert (D:15)
  Agnes (D:15)
  Harold (D:10)
  A rakshasa (D:15)
  2 hydras (D:14)
  3 centaur warriors
  3 ogre magi
  2 catoblepae (D:15)
  3 tengu warriors
  11 death yaks
  12 two-headed ogres
  3 skeletal warriors (D:13)
  2 unseen horrors
  A deep elf mage (D:13)
  An orc sorcerer (D:11)
  An orc knight (D:15)
  16 ugly things
  7 cyclopes
  10 slime creatures
  4 manticores
  3 centaur zombies
  6 black mambas
  Joseph (D:7)
  2 spiny frogs (D:12)
  2 yaktaurs (D:15)
  A freezing wraith (D:14)
  A jumping spider (shapeshifter) (D:14)
  A tengu conjurer (D:12)
  4 trolls
  3 meliai (D:13)
  Grinder (D:4)
  8 blink frogs (D:11)
  2 vampires
  A water elemental (D:13)
  7 wyverns
  2 shadows
  13 yaks
  A spriggan (shapeshifter) (D:15)
  Eustachio (D:5)
  3 wraiths
  4 angry ghosts
  2 black mamba skeletons
  A steam dragon (D:9)
  Edmund (D:4)
  2 acid dragons
  A water moccasin (shapeshifter) (D:15)
  Duvessa (D:7)
  3 water moccasins
  4 orc warriors
  2 spiny frog skeletons
  7 ogres
  A black bear (D:10)
  2 ice beasts
  3 phantoms
  A blink frog zombie (D:10)
  17 centaurs
  2 blink frog skeletons
  Blork the orc (D:4)
  2 bullfrogs (D:8)
  A wyvern zombie (D:12)
  2 wyvern skeletons
  Dowan (D:7)
  2 troll zombies (D:15)
  3 scorpions
  2 crimson imps
  9 killer bees (D:11)
  10 wights
  3 howler monkeys
  An electric eel (D:13)
  2 quasits
  A wasp zombie (D:5)
  4 hounds
  A gnoll shaman (D:8)
  5 orc priests
  2 bullfrog skeletons (D:7)
  4 jellies
  4 centaur skeletons
  2 worker ants
  Natasha (D:3)
  7 orc wizards
  5 iguanas
  3 ogre zombies (D:15)
  A hound skeleton (D:4)
  10 gnolls
  4 adders
  2 shadow imps
  An ooze (D:6)
  2 dart slugs
  23 orcs
  7 quokkas
  6 giant cockroaches
  11 hobgoblins
  6 jackals
  7 bats
  4 frilled lizards
  10 goblins
  4 goblin skeletons (D:15)
  3 hobgoblin skeletons (D:15)
  A hobgoblin zombie (D:15)
  7 kobolds
  2 orc skeletons (D:15)
  9 orc zombies (D:15)
  6 rats
406 creatures vanquished.

Vanquished Creatures (others)
  An iguana (D:10)
  2 fungi (D:13)
  2 plants (D:14)
5 creatures vanquished.

Grand Total: 411 creatures vanquished

Notes
Turn   | Place    | Note
-------+----------+-------------------------------------------
     0 | D:1      | Implojin the Mummy Hunter began the quest for the Orb.
     0 | D:1      | Reached XP level 1. HP: 16/16 MP: 1/1
   143 | D:1      | Reached XP level 2. HP: 22/22 MP: 2/2
   489 | D:1      | Reached skill level 4 in Bows
   514 | D:1      | Reached XP level 3. HP: 25/27 MP: 3/3
   852 | D:2      | Found a faded altar of an unknown god.
   938 | D:2      | Found a shimmering altar of Xom.
  1261 | D:2      | Found a hazy altar of Hepliaklqana.
  1283 | D:2      | Found an ancient bone altar of Kikubaaqudgha.
  1335 | D:2      | Learned a level 2 spell: Blink
  1438 | D:3      | Reached XP level 4. HP: 33/33 MP: 4/4
  1628 | D:3      | Reached skill level 5 in Bows
  1628 | D:3      | Reached XP level 5. HP: 24/38 MP: 5/5
  2040 | D:3      | Found an opulent altar of Gozag.
  2103 | D:3      | Noticed Natasha
  2112 | D:3      | Killed Natasha
  2191 | D:3      | Reached skill level 3 in Fighting
  2193 | D:3      | Found a snail-covered altar of Cheibriados.
  2865 | D:4      | Reached skill level 4 in Fighting
  2865 | D:4      | Reached XP level 6. HP: 40/48 MP: 6/6
  2923 | D:4      | Found an iron altar of Okawaru.
  2923 | D:4      | Found a burning altar of Makhleb.
  2928 | D:4      | Became a worshipper of Warmaster Okawaru
  3199 | D:4      | HP: 11/50 [black mamba skeleton (12)]
  3494 | D:4      | Noticed Grinder
  3523 | D:4      | Paralysed by Grinder for 3 turns
  3532 | D:4      | Killed Grinder
  3532 | D:4      | Reached skill level 6 in Fighting
  3532 | D:4      | Reached XP level 7. HP: 33/58 MP: 7/7
  3857 | D:4      | Noticed Edmund
  3934 | D:4      | Killed Edmund
  3934 | D:4      | Reached * piety under Okawaru
  4015 | D:4      | Reached skill level 6 in Bows
  4177 | D:4      | Reached skill level 1 in Invocations
  4269 | D:4      | Reached skill level 2 in Invocations
  4338 | D:4      | Noticed Blork the orc
  4347 | D:4      | Killed Blork the orc
  4347 | D:4      | Reached XP level 8. HP: 51/64 MP: 7/10
  4523 | D:4      | Found a glowing golden altar of the Shining One.
  4890 | D:5      | Entered Level 5 of the Dungeon
  4934 | D:5      | Found a white marble altar of Elyvilon.
  4953 | D:5      | Reached skill level 3 in Invocations
  4958 | D:5      | Noticed Eustachio
  4972 | D:5      | Killed Eustachio
  4972 | D:5      | Reached skill level 4 in Invocations
  5104 | D:5      | Reached ** piety under Okawaru
  5105 | D:5      | Found a bloodstained altar of Trog.
  5271 | D:5      | Found a glowing silver altar of Zin.
  5372 | D:5      | Found a sparkling altar of Nemelex Xobeh.
  5430 | D:6      | Found a radiant altar of Vehumet.
  5459 | D:6      | Found a stormy altar of Qazlal.
  5507 | D:6      | Reached skill level 5 in Invocations
  5628 | D:6      | Found a sacrificial altar of Ru.
  5740 | D:6      | Noticed a dagger
  5741 | D:6      | Found a hide-covered altar of Uskayaw.
  5742 | D:6      | Noticed a dagger
  6156 | D:6      | Reached skill level 7 in Fighting
  6422 | D:7      | Noticed Joseph
  6703 | D:7      | Reached skill level 8 in Fighting
  6706 | D:7      | Got the +0 ring mail "Tuguanuu" {MR+ Slay+5}
  6732 | D:7      | Found a deep blue altar of Sif Muna.
  6794 | D:7      | HP: 8/68 [Joseph/arrow (16)]
  7095 | D:7      | Killed Joseph
  7095 | D:7      | Reached XP level 9. HP: 47/75 MP: 10/12
  7274 | D:7      | Reached skill level 9 in Fighting
  7308 | D:7      | Found a shadowy altar of Dithmenos.
  7308 | D:7      | Noticed Duvessa
  7308 | D:7      | Noticed Dowan
  7318 | D:7      | Killed Duvessa
  7321 | D:7      | Killed Dowan
  7392 | D:7      | Reached skill level 7 in Bows
  7850 | D:7      | Reached skill level 8 in Bows
  7922 | D:7      | Found a basalt altar of Yredelemnul.
  8301 | D:8      | Reached skill level 9 in Bows
  8499 | D:8      | Reached XP level 10. HP: 83/83 MP: 13/13
  8529 | D:8      | Reached *** piety under Okawaru
  8706 | D:8      | Reached skill level 10 in Fighting
  9263 | D:9      | Noticed a black mamba
  9268 | D:9      | Killed a black mamba
  9268 | D:9      | Received a gift from Okawaru
  9268 | D:9      | Reached skill level 11 in Fighting
  9312 | D:9      | Noticed a black mamba
  9322 | D:9      | Killed a black mamba
  9416 | D:9      | Noticed a death yak
  9432 | D:9      | Killed a death yak
  9562 | D:9      | Noticed a death yak
  9563 | D:9      | Noticed a death yak
  9564 | D:9      | Noticed a death yak
  9564 | D:9      | Noticed a death yak
  9564 | D:9      | Noticed a death yak
  9638 | D:9      | Killed a death yak
  9638 | D:9      | Received a gift from Okawaru
  9638 | D:9      | Reached skill level 12 in Fighting
  9658 | D:9      | HP: 21/89 [death yak (4)]
  9659 | D:9      | Killed a death yak
  9659 | D:9      | Reached XP level 11. HP: 22/95 MP: 5/14
  9966 | D:9      | Killed a death yak
  9977 | D:9      | Killed a death yak
  9977 | D:9      | Received a gift from Okawaru
  9979 | D:9      | HP: 18/95 [death yak (17)]
 10184 | D:9      | HP: 15/95 [death yak (15)]
 10604 | D:9      | Killed a death yak
 10604 | D:9      | Reached skill level 10 in Bows
 10896 | D:9      | Found a basalt altar of Yredelemnul.
 10984 | D:9      | Noticed a two-headed ogre
 10994 | D:9      | Killed a two-headed ogre
 11640 | D:10     | Entered Level 10 of the Dungeon
 11713 | D:10     | Reached skill level 11 in Bows
 11749 | D:10     | HP: 18/95 [yak (6)]
 12110 | D:10     | Learned a level 6 spell: Invisibility
 12112 | D:10     | Learned a level 1 spell: Apportation
 12114 | D:10     | Learned a level 1 spell: Summon Butterflies
 12148 | D:10     | Reached skill level 2 in Dodging
 12159 | D:10     | Noticed a two-headed ogre
 12178 | D:10     | Killed a two-headed ogre
 12178 | D:10     | Received a gift from Okawaru
 12178 | D:10     | Reached skill level 3 in Dodging
 12415 | D:10     | Noticed Harold
 12426 | D:10     | Killed Harold
 12426 | D:10     | Reached skill level 4 in Dodging
 12516 | D:10     | Reached skill level 5 in Dodging
 12525 | D:10     | Killed an unseen horror
 12525 | D:10     | Reached XP level 12. HP: 52/102 MP: 9/15
 13167 | D:11     | Reached skill level 6 in Dodging
 13229 | D:11     | Paralysed by an orc sorcerer for 5 turns
 13234 | D:11     | Received a gift from Okawaru
 13283 | D:11     | Noticed a two-headed ogre
 13290 | D:11     | Killed a two-headed ogre
 13290 | D:11     | Reached skill level 7 in Dodging
 13304 | D:11     | HP: 16/102 [very large slime creature (21)]
 13816 | D:11     | Reached skill level 8 in Dodging
 13859 | D:11     | Found Qoseam's Weapon Boutique.
 13894 | D:11     | Reached **** piety under Okawaru
 14312 | D:12     | Reached skill level 9 in Dodging
 14397 | D:12     | Noticed a tengu warrior
 14407 | D:12     | Killed a tengu warrior
 14407 | D:12     | Received a gift from Okawaru
 14435 | D:12     | Got the +3 spear of the Unspeakable One {distort, Dex+4}
 14657 | D:12     | Got the +3 ring mail of Ziowuiz {+Fly rPois Str+4 Int+2}
 14867 | D:12     | Reached skill level 10 in Dodging
 14884 | D:12     | Reached skill level 1 in Armour
 15058 | D:12     | Reached skill level 2 in Armour
 15464 | D:13     | Reached skill level 3 in Armour
 15469 | D:13     | Gained mutation: You are in touch with the powers of death. [Mummy growth]
 15469 | D:13     | Reached XP level 13. HP: 103/108 MP: 16/16
 15527 | D:13     | Reached skill level 4 in Armour
 15535 | D:13     | Received a gift from Okawaru
 15831 | D:13     | Reached skill level 5 in Armour
 15924 | D:13     | Reached ***** piety under Okawaru
 15929 | D:13     | Received a gift from Okawaru
 15931 | D:13     | Reached skill level 6 in Armour
 16726 | D:14     | Found Paehair's Distillery.
 16742 | D:14     | Received a gift from Okawaru
 16923 | D:14     | Reached skill level 12 in Bows
 16942 | D:14     | HP: 18/108 [jumping spider (shapeshifter) (13)]
 17342 | D:14     | Received a gift from Okawaru
 17570 | D:14     | Received a gift from Okawaru
 17591 | D:14     | Reached skill level 13 in Bows
 17640 | D:14     | Reached XP level 14. HP: 81/115 MP: 13/17
 18662 | D:15     | Entered Level 15 of the Dungeon
 18696 | D:15     | Reached skill level 14 in Bows
 18926 | D:15     | Received a gift from Okawaru
 18958 | D:15     | Noticed Agnes
 18990 | D:15     | Reached skill level 13 in Fighting
 18997 | D:15     | Killed Agnes
 19002 | D:15     | Received a gift from Okawaru
 19190 | D:15     | Noticed Rupert
 19215 | D:15     | Killed Rupert
 19235 | D:15     | Found a staircase to the Orcish Mines.
 19293 | D:15     | Reached skill level 14 in Fighting
 19339 | D:15     | Received a gift from Okawaru
 19363 | D:15     | HP: 26/120 [yaktaur captain/bolt (29)]
 19369 | D:15     | Shot with a bolt by a yaktaur captain

Skill      XL: |  1  2  3  4  5  6  7  8  9 10 11 12 13 14 |
---------------+-------------------------------------------+-----
Bows           | 4 5 6 9 11 13 14 | 14.0
Fighting       | 4 6 8 9 12 14 | 14.0
Invocations    | 2 5 |  5.8
Dodging        | 5 10 | 10.0
Armour         | 3 6 |  6.0
Stealth        | |  0.7

Action                   |  1- 3 |  4- 6 |  7- 9 | 10-12 | 13-15 || total
-------------------------+-------+-------+-------+-------+-------++-------
Melee: Quarterstaff      |       |       |    56 |       |       ||    56
       Longbow           |       |       |       |     1 |       ||     1
 Fire: Shortbow          |   148 |   181 |   277 |   425 |       ||  1031
       Longbow           |       |       |       |   238 |   467 ||   705
Throw: Poisoned dart     |       |       |    18 |       |       ||    18
Invok: Heroism           |       |       |    13 |    25 |    20 ||    58
       Finesse           |       |       |       |       |     2 ||     2
Evoke: Wand              |       |     1 |     5 |       |     1 ||     7
  Use: Scroll            |       |     1 |     2 |       |       ||     3
Armor: Leather armour    |     9 |       |       |       |       ||     9
       Ring mail         |    21 |    20 |    64 |   109 |    75 ||   289
Dodge: Dodged            |    44 |    44 |   125 |   177 |   200 ||   590

Vault maps used:
D:1:      roderic_octagonal_star
D:2:      kiku_gazebo_garden_becter, lemuel_round_altar, marbit_many_paths,
          chequers_ecumenical_altar_twisty
D:3:      old_standard_altar, kennysheep_slug_shrine,
          hangedman_abyss_or_decor_lesser_grid, uniq_natasha
D:4:      lemuel_doored_altar, gammafunk_temple_overflow_statue,
          uniq_blork_the_orc, uniq_edmund, uniq_grinder
D:5:      nemelex_xobeh_ov_fountains_minmay, lemuel_crystal_altar,
          old_standard_altar, elyvilon_altar_4, uniq_eustachio
D:6:      nicolae_ru_the_path_less_chosen, dancing_weapons_uskayaw,
          grunt_qazlal_clouds, vehumet_crystals
D:7:      grunt_dithmenos_smoke_and_mirrors, overflow_temple_1_default,
          led_sif_pool, uniq_duvessa, uniq_joseph
D:9:      basic_altar, st_stairs_9
D:10:     minmay_checkerbox, uniq_harold
D:11:     serial_shops, nicolae_shop_behind_doors
D:14:     kennysheep_cluttered_room, serial_shops, shop,
          hangedman_decor_diamond_cutter, st_stairs_5
D:15:     gammafunk_enter_depths_forms, zombieorc1_lemuel, david_vaults_2,
          roderic_roman_lattice, hangedman_abyss_or_decor_stagger, uniq_kirke,
          uniq_agnes, uniq_rupert

Table legend:
 A = Turns spent in this place as a percentage of turns spent in the entire game.
 B = Non-inter-level travel turns spent in this place as a percentage of non-inter-level travel turns spent in the entire game.
 C = Inter-level travel turns spent in this place as a percentage of turns spent in this place.
 D = Turns resting spent in this place as a percentage of non-inter-level travel turns spent in this place.
 E = Turns spent auto-exploring this place as a percentage of non-inter-level travel turns spent in this place.
 F = Non-inter-level travel turns spent in this place divided by the number of levels of this place that you've seen.
                   A       B       C       D       E      F
               +-------+-------+-------+-------+-------+----------------------
         Total | 100.0 | 100.0 |   0.3 |   3.0 |   6.5 | 414.4
       Dungeon | 100.0 | 100.0 |   0.3 |   3.0 |   6.5 | 414.4
               +-------+-------+-------+-------+-------+----------------------

Table legend:
 A = Kills in this place as a percentage of kills in entire the game.
 B = Kills by you in this place as a percentage of kills by you in the entire game.
 C = Kills by friends in this place as a percentage of kills by friends in the entire game.
 D = Other kills in this place as a percentage of other kills in the entire game.
 E = Experience gained in this place as a percentage of experience gained in the entire game.
 F = Experience gained in this place divided by the number of levels of this place that you have seen.
                   A       B       C       D       E      F
               +-------+-------+-------+-------+-------+----------------------
         Total | 100.0 | 100.0 |  -nan |  -nan | 100.0 | 6175.5
       Dungeon | 100.0 | 100.0 |  -nan |  -nan | 100.0 | 6175.5
               +-------+-------+-------+-------+-------+----------------------
